 Dungeon Crawl Stone Soup version 0.23.2-1-ga50397a6bc (webtiles) character file.

Game seed: 4858847810420637362

296 Mrkan the Poker (level 6, -3/48 HPs)
             Began as a Merfolk Gladiator on May 23, 2019.
             Slain by a gnoll
             ... wielding a +0 halberd
              (12 damage)
             ... on level 4 of the Dungeon.
             The game lasted 00:05:37 (3039 turns).

Mrkan the Poker (Merfolk Gladiator)                 Turns: 3039, Time: 00:05:38

Health: -3/48      AC: 10    Str: 16    XL:     6   Next: 35%
Magic:  6/6        EV:  6    Int:  8    God:
Gold:   173        SH:  7    Dex: 15    Spells: 5/5 levels left

rFire    . . .     SeeInvis .   a - +0 trident
rCold    . . .     Gourm    .   b - +0 shield
rNeg     . . .     Faith    .   k - +0 chain mail
rPois    .         Spirit   .   c - +0 helmet
rElec    .         Reflect  .   (no cloak)
rCorr    .         Harm     .   (no gloves)
MR       .....                  p - +0 pair of boots
Stlth    ..........             (no amulet)
HPRegen  0.16/turn              (no ring)
MPRegen  0.10/turn              (no ring)

@: no status effects
A: change form in water, swift swim, stealthy swim
a: no special abilities


You were on level 4 of the Dungeon.
You were not hungry.

You visited 1 branch of the dungeon, and saw 4 of its levels.

You collected 173 gold pieces.

Inventory:

Hand Weapons
 a - a +0 trident (weapon)
 s - a +0 halberd
Missiles
 d - 3 throwing nets (quivered)
Armour
 b - a +0 shield (worn)
 c - a +0 helmet (worn)
 k - a +0 chain mail (worn)
 p - a +0 pair of boots (worn)
Jewellery
 n - a +2 ring of intelligence {unknown}
Scrolls
 e - 3 scrolls of noise {unknown}
 g - 4 scrolls of identify {unknown}
 l - a scroll of enchant armour {unknown}
 o - 4 scrolls of teleportation {unknown}
Potions
 h - a potion of agility
 i - a potion of lignification {unknown}
 j - 2 potions of curing {unknown}
 m - a potion of mutation {unknown}
 r - a potion of flight {unknown}
Comestibles
 f - 5 rations


   Skills:
 + Level 3.9 Fighting
 * Level 7.8 Polearms
 - Level 2.0 Throwing
 + Level 5.6 Dodging


You had 5 spell levels left.
You didn't know any spells.
Your spell library was empty.

Dungeon Overview and Level Annotations

Branches:
Dungeon (4/15)
 Temple: D:4-7

Altars:
Cheibriados


Message History

The gnoll hits you from afar with a +0 halberd.
You hit the gnoll shaman.
The gnoll shaman is moderately wounded.
The gnoll shaman hits you with a +0 whip!
The gnoll hits you but does no damage.
You hit the gnoll shaman but do no damage.
The gnoll shaman is moderately wounded.
You block the gnoll's attack. The gnoll shaman barely misses you.
You hit the gnoll shaman but do no damage.
The gnoll shaman is moderately wounded.
The gnoll hits you from afar with a +0 halberd!
* * * LOW HITPOINT WARNING * * *
You block the gnoll shaman's attack.
You hit the gnoll shaman but do no damage.
The gnoll shaman is moderately wounded.
The gnoll hits you from afar with a +0 halberd.
* * * LOW HITPOINT WARNING * * *
You block the gnoll shaman's attack.
The gnoll hits you from afar with a +0 halberd!
You die...

##.##########.#.....##
#.............+.(...#.
###.#####...#.#.#(...S..
.............#.(.....#.
###.#.......###.....<.##
..>'........).........'
#.#...g..#####.......#
#.#..)g.## #.......#
#.#..@#.# #........
..#####g######........
......................
#.....................
#.....................
#......g.......
#......g......#
#.............#
#.............#


You could see a gnoll shaman and a gnoll.

Vanquished Creatures
  Blork the orc (D:3)
  An orc priest (D:4)
  An iguana (D:4)
  Jessica (D:3)
  A worker ant (D:4)
  5 adders
  A gnoll (D:4)
  A worm (D:2)
  A dart slug (D:2)
  A leopard gecko (D:1)
  5 orcs (D:4)
  3 bats
  3 giant cockroaches
  4 goblins
  6 hobgoblins
  9 jackals
  8 kobolds
  4 quokkas
  3 frilled lizards
  3 rats
62 creatures vanquished.

Notes
Turn   | Place    | Note
-------+----------+-------------------------------------------
     0 | D:1      | Mrkan the Merfolk Gladiator began the quest for the Orb.
     0 | D:1      | Reached XP level 1. HP: 16/16 MP: 1/1
   174 | D:1      | Reached XP level 2. HP: 19/23 MP: 2/2
   496 | D:1      | Reached skill level 5 in Polearms
   698 | D:2      | Reached XP level 3. HP: 17/28 MP: 3/3
  1179 | D:2      | Found a snail-covered altar of Cheibriados.
  1229 | D:2      | Reached XP level 4. HP: 26/34 MP: 4/4
  1443 | D:3      | Reached skill level 6 in Polearms
  1482 | D:3      | Noticed Jessica
  1495 | D:3      | Killed Jessica
  1530 | D:3      | Reached skill level 5 in Dodging
  1662 | D:3      | Reached XP level 5. HP: 41/41 MP: 5/5
  2421 | D:4      | Reached skill level 7 in Polearms
  2585 | D:4      | Noticed a phantom
  2783 | D:4      | Noticed Blork the orc
  2790 | D:3      | Reached XP level 6. HP: 30/48 MP: 6/6
  2806 | D:3      | Killed Blork the orc
  3039 | D:4      | Slain by a gnoll

Skill      XL: |  1  2  3  4  5 |
---------------+----------------+-----
Polearms       | 5 6 7 |  7.8
Fighting       | 3 |  3.9
Dodging        | 5 |  5.6
Throwing       | |  2.0

Action                   |  1- 3 |  4- 6 || total
-------------------------+-------+-------++-------
Melee: Trident           |   141 |   158 ||   299
  Eat: Chunk             |     1 |     6 ||     7
Armor: Leather armour    |     8 |       ||     8
       Chain mail        |    94 |   102 ||   196
Dodge: Dodged            |    65 |    35 ||   100
Block: Shield            |    55 |    52 ||   107
